 Dungeon Crawl Stone Soup version 0.24.0-123-gd5b16e6ec5 (webtiles) character file.

Game seed: 9648744633051360181, levelgen mode: deterministic

4629 Ponchio the Thaumaturge (level 10, -8/52 HPs)
             Began as a Deep Elf Earth Elementalist on Jan 20, 2020.
             Was a Believer of Vehumet.
             Mangled by a hornet (14 damage)
             ... on level 8 of the Dungeon.
             The game lasted 00:43:05 (8738 turns).

Ponchio the Thaumaturge (DEEE)                      Turns: 8738, Time: 00:43:06

Health: -8/52      AC:  8    Str:  5    XL:     10   Next: 19%
Magic:  26/30      EV:  7    Int: 24    God:    Vehumet [**....]
Gold:   556        SH:  0    Dex: 15    Spells: 23/38 levels left

rFire    . . .     SeeInvis .   n - +4 short sword (drain)
rCold    . . .     Gourm    .   (no shield)
rNeg     . . .     Faith    .   c - +1 robe
rPois    .         Spirit   .   p - +1 helmet
rElec    .         Reflect  .   r - +2 cloak
rCorr    .         Harm     .   (no gloves)
MR       +....                  (no boots)
Stlth    ++........             e - amulet of inaccuracy (curse)
HPRegen  0.17/turn              (no ring)
MPRegen  0.22/turn              (no ring)

@: very slightly contaminated, held, slowed, very slow
A: no striking features
a: Renounce Religion


You were on level 8 of the Dungeon.
You worshipped Vehumet.
Vehumet was pleased with you.
You were hungry.

You visited 1 branch of the dungeon, and saw 8 of its levels.
You also visited: Ossuary.

You collected 556 gold pieces.

Inventory:

Hand Weapons
 n - a +4 short sword of draining (weapon)
Missiles
 b - 140 stones (quivered)
Armour
 c - a +1 robe (worn)
 p - a +1 helmet (worn)
 r - a +2 cloak (worn)
Jewellery
 e - a cursed amulet of inaccuracy (around neck)
 g - a cursed -5 ring of evasion {unknown}
Wands
 m - a wand of scattershot (6)
 B - a wand of flame (11)
 C - a wand of acid (11)
 D - a wand of polymorph (10)
Scrolls
 k - 2 scrolls of amnesia
 t - 2 scrolls of teleportation
 w - a scroll of fear
 x - 5 scrolls of remove curse
 y - a scroll of vulnerability
Potions
 f - 2 potions of haste
 h - 3 potions of lignification
 i - 4 potions of brilliance
 j - a potion of might
 l - a potion of curing
 o - a potion of mutation
 q - a potion of flight
 u - a potion of degeneration {unknown}
 v - 2 potions of resistance
 z - 2 potions of agility
 A - 2 potions of cancellation {unknown}
Comestibles
 d - 15 rations


   Skills:
 * Level 1.6 Fighting
 + Level 3.3 Dodging
 - Level 2.4 Stealth
 - Level 14.6 Spellcasting
 - Level 1.1 Transmutations
 - Level 10.2 Earth Magic


You had 23 spell levels left.
You knew the following spells:

 Your Spells              Type           Power        Failure   Level  Hunger
a - Sandblast             Erth           ######       1%          1    None
b - Passwall              Tmut/Erth      #####...     1%          2    None
c - Stone Arrow           Conj/Erth      #####.       1%          3    None
d - Petrify               Tmut/Erth      #####...     3%          4    None
e - Lee's Rapid Deconstr  Erth           ######....   1%          5    ##.....

Your spell library contained the following spells:

 Spells                   Type           Power        Failure   Level  Hunger
 Sting                    Conj/Pois      ###.         3%          1    None


Dungeon Overview and Level Annotations

Branches:
Dungeon (8/15)             Temple (0/1) D:7         Ossuary (visited)
   Lair: D:8-11

Altars:
Elyvilon
Gozag
Kikubaaqudgha
Makhleb
Okawaru
Ru
Vehumet
Xom
Yredelemnul
Zin
The Shining One

Shops:
D:3 *

Annotations:
D:8 Harold


Message History

You tear a large gash into the net.
You feel yourself speed up. The hornet closely misses you.
The hornet stings you!
* * * LOW HITPOINT WARNING * * *
You feel yourself slow down. The hornet stings you.
* * * LOW HITPOINT WARNING * * *
You feel as though you will be slow longer.
Okay, then.
You feel better. The hornet stings you.
* * * LOW HITPOINT WARNING * * *
You feel as though you will be slow longer.
The hornet stings you.
* * * LOW HITPOINT WARNING * * *
You are lethally poisoned!
You feel as though you will be slow longer.
You feel better. The hornet stings you!
* * * LOW HITPOINT WARNING * * *
You feel as though you will be slow longer.
The hornet stings you!
You die...

#.................#.....
#.......................
#.......................
##......................
###.......................
#...##...........>.....#..
#.####...............#....
### ##....(........##....
#####.@y@.#.....#######
#.....##..###.###
#)).....### #.# #<).###..#
.<. ##### ##........ ##...
.. .


You could see Harold and a hornet.

Vanquished Creatures
  An unseen horror (D:7)
  A wraith (Ossuary)
  A hungry ghost (D:7)
  A steam dragon (D:5)
  An acid dragon (D:7)
  2 sky beasts (D:7)
  6 ice beasts
  A black bear (D:6)
  A phantom (D:4)
  3 ogres
  3 centaurs
  5 big kobolds
  A bullfrog (D:7)
  2 wyvern zombies (D:6)
  A scorpion (D:6)
  10 wights
  A howler monkey (D:7)
  3 crimson imps
  A bullfrog zombie (D:5)
  2 centaur zombies (D:7)
  2 hounds
  An orc priest (D:3)
  Crazy Yiuf (D:2)
  An iguana (D:7)
  Natasha (twice) (D:2)
  5 orc wizards
  6 worker ants
  A mummy (Ossuary)
  Robin (D:2)
  14 gnolls
  13 adders
  A shadow imp (D:5)
  An ooze (D:3)
  An adder zombie (D:7)
  3 adder skeletons
  2 worms
  4 dart slugs
  4 leopard geckos
  23 orcs
  3 giant cockroaches
  39 goblins
  30 hobgoblins
  8 jackals
  12 kobolds
  4 quokkas
  7 bats
  6 frilled lizards
  2 giant cockroach zombies (D:6)
  4 gnoll skeletons (Ossuary)
  9 kobold skeletons (Ossuary)
  12 orc skeletons (Ossuary)
  A quokka zombie (D:7)
  5 rats
275 creatures vanquished.

Notes
Turn   | Place    | Note
-------+----------+-------------------------------------------
     0 | D:1      | Ponchio the Deep Elf Earth Elementalist began the quest for
                  | the Orb.
     0 | D:1      | Reached XP level 1. HP: 10/10 MP: 6/6
    63 | D:1      | Reached XP level 2. HP: 15/15 MP: 1/8
   680 | D:1      | Reached XP level 3. HP: 19/19 MP: 7/10
   908 | D:2      | Found an opulent altar of Gozag.
   981 | D:2      | Found a runed translucent door.
   982 | D:2      | Noticed Crazy Yiuf
  1062 | D:2      | Found an iron altar of Okawaru.
  1107 | D:2      | Noticed Natasha
  1111 | D:2      | Killed Natasha
  1111 | D:2      | Reached skill level 4 in Spellcasting
  1111 | D:2      | Reached XP level 4. HP: 20/24 MP: 8/12
  1161 | D:2      | Noticed Robin
  1170 | D:2      | Killed Robin
  1170 | D:2      | Reached skill level 5 in Earth Magic
  1543 | D:2      | Reached XP level 5. HP: 21/28 MP: 4/14
  1573 | D:2      | Noticed Natasha
  1744 | D:2      | Killed Natasha
  2042 | D:2      | Killed Crazy Yiuf
  2042 | D:2      | Reached skill level 5 in Spellcasting
  2368 | D:3      | Learned a level 2 spell: Passwall
  2372 | D:3      | Learned a level 3 spell: Stone Arrow
  2377 | D:3      | Learned a level 4 spell: Petrify
  2559 | D:3      | Reached XP level 6. HP: 28/32 MP: 12/16
  2644 | D:3      | Found Zin's Purification Station.
  2649 | D:3      | Found a glowing silver altar of Zin.
  2946 | D:3      | Found an ancient bone altar of Kikubaaqudgha.
  3178 | D:3      | Learned a level 5 spell: Lee's Rapid Deconstruction
  3392 | D:3      | Reached skill level 6 in Spellcasting
  3411 | D:3      | Reached XP level 7. HP: 36/36 MP: 3/18
  3945 | D:3      | Reached skill level 7 in Spellcasting
  4347 | D:4      | Found a sacrificial altar of Ru.
  4439 | D:4      | Reached skill level 8 in Spellcasting
  4439 | D:4      | Reached XP level 8. HP: 35/41 MP: 17/22
  4853 | D:4      | Found a basalt altar of Yredelemnul.
  4904 | D:4      | Found a white marble altar of Elyvilon.
  5013 | D:5      | Entered Level 5 of the Dungeon
  5353 | D:5      | Reached skill level 9 in Spellcasting
  5508 | D:5      | Found a burning altar of Makhleb.
  5598 | D:5      | Reached skill level 10 in Earth Magic
  5673 | D:5      | Reached skill level 10 in Spellcasting
  5887 | D:5      | Found a shimmering altar of Xom.
  6018 | D:5      | Found a radiant altar of Vehumet.
  6028 | D:5      | Became a worshipper of Vehumet
  6116 | D:6      | Reached XP level 9. HP: 46/46 MP: 22/25
  6352 | D:6      | Reached skill level 11 in Spellcasting
  6357 | D:6      | Reached * piety under Vehumet
  6357 | D:6      | Offered knowledge of Flame Tongue by Vehumet.
  6631 | D:6      | Found a glowing golden altar of the Shining One.
  6941 | D:7      | Found a sand-covered staircase.
  6946 | Ossuary  | Entered an ossuary
  7371 | Ossuary  | Reached skill level 12 in Spellcasting
  7704 | D:7      | Offered knowledge of Sting by Vehumet.
  7732 | D:7      | Found a staircase to the Ecumenical Temple.
  7740 | D:7      | Reached ** piety under Vehumet
  7744 | D:7      | Killed an unseen horror
  7744 | D:7      | Reached skill level 13 in Spellcasting
  7969 | D:7      | Reached skill level 14 in Spellcasting
  8071 | D:7      | Reached XP level 10. HP: 51/51 MP: 25/30
  8689 | D:8      | Reached skill level 1 in Fighting
  8715 | D:8      | Noticed Harold
  8738 | D:8      | Mangled by a hornet

Levels and vault maps discovered:
D:1:      wander_arrival_fairy_ring, layout_basic
D:2:      layout_basic, nicolae_overflow_crystal_walls, old_standard_altar,
          uniq_crazy_yiuf_cottage, uniq_natasha, uniq_robin
D:3:      minmay_goblin_kobold_castle, layout_rooms, lemuel_crystal_altar,
          zin_purify
D:4:      cheibrodos_quashed, layout_cave_pools, kennysheep_ying_yang,
          nicolae_ru_great_annihilating_truth, first_ration
D:5:      layout_cave_pools, vehumet_crystals, lemuel_round_altar,
          lemuel_doored_altar
D:6:      layout_loops_ring, overflow_temple_1_default
D:7:      layout_loops_ring, minmay_temple_entry_sparse_star, enter_ossuary_2
D:8:      layout_rooms, tgw_sif, uniq_harold

Skill      XL: |  1  2  3  4  5  6  7  8  9 10 |
---------------+-------------------------------+-----
Earth Magic    | 4 5 6 7 8 10 | 10.2
Spellcasting   | 4 5 6 8 10 14 | 14.6
Dodging        | 3 |  3.3
Fighting       | 1 |  1.6
Stealth        | |  2.4
Transmutations | |  1.1

Action                   |  1- 3 |  4- 6 |  7- 9 | 10-12 || total
-------------------------+-------+-------+-------+-------++-------
Melee: Unarmed           |     3 |       |       |       ||     3
       Short sword       |    21 |    38 |    84 |    21 ||   164
 Cast: Sandblast         |    35 |   102 |   138 |    38 ||   313
       Lee's Rapid Decon |       |     4 |    27 |     4 ||    35
  Use: Scroll            |       |    10 |    16 |     2 ||    28
       Potion            |       |       |       |     3 ||     3
 Stab: Sleeping          |       |     2 |     6 |     2 ||    10
       Paralysed         |       |       |     1 |       ||     1
  Eat: Chunk             |       |     8 |    14 |       ||    22
       Ration            |       |       |     1 |     1 ||     2
Armor: Robe              |    16 |    18 |    46 |    17 ||    97
Dodge: Dodged            |    26 |    63 |    99 |    42 ||   230
